 Dungeon Crawl Stone Soup version 0.30-a0-765-g3161bf10a1 (webtiles) character file.

Game seed: 8842457640705607577

209 Majang the Chiller (level 5, -1/38 HPs)
             Began as a Barachi Ice Elementalist on Feb 12, 2023.
             Constricted to death by Pikel (3 damage)
             ... on level 4 of the Dungeon.
             The game lasted 00:15:59 (3383 turns).

Majang the Chiller (Barachi Ice Elementalist)       Turns: 3383, Time: 00:16:00

Health: -1/38      AC:  5    Str: 10    XL:     5   Next: 87%
Magic:  1/10       EV:  9    Int: 17    God:
Gold:   181        SH:  0    Dex: 12    Spells: 0/11 levels left

rFire   . . .      SeeInvis .    a - +1 quarterstaff
rCold   . . .      Faith    .    (shield currently unavailable)
rNeg    . . .      Spirit   .    d - +0 robe
rPois   .          Reflect  .    m - +0 helmet
rElec   .          Harm     .    f - +0 cloak
rCorr   .          Rampage  .    c - +0 pair of gloves
Will    .....                    (no boots)
Stlth   ++                       (no amulet)
HPRegen 0.26/turn                (no ring)
MPRegen 0.12/turn                (no ring)

@: grasped by roots, unable to hop, constricted, slow
A: amphibious, slowness 1, strong legs 1, +LOS
a: Hop


You were on level 4 of the Dungeon.
You visited 1 branch of the dungeon, and saw 4 of its levels.

You collected 181 gold pieces.

Inventory:

Hand Weapons
 a - a +1 quarterstaff (weapon)
Armour
 c - a +0 pair of gloves (worn)
 d - a +0 robe (worn)
 f - a +0 cloak (worn)
 m - a +0 helmet (worn)
Jewellery
 l - a +6 ring of intelligence
Scrolls
 j - 2 scrolls of immolation
Potions
 b - a potion of magic
 e - 2 potions of cancellation
 h - 2 potions of flight
 o - a potion of curing {unknown}
 p - a potion of ambrosia {unknown}
 q - a potion of attraction {unknown}


   Skills:
 + Level 1.8 Fighting
 + Level 1.5 Staves
 + Level 2.9 Dodging
 - Level 1.7 Stealth
 * Level 3.7 Spellcasting
 + Level 0.8 Conjurations
 + Level 5.3 Ice Magic
 * Level 2.3 Earth Magic


You couldn't memorise any spells.
You knew the following spells:

 Your Spells              Type           Power      Damage    Failure   Level
a - Ozocubu's Armour      Ice            21%        N/A       5%          3
b - Stone Arrow           Conj/Erth      16%        3d8       26%         3
f - Freeze                Ice            84%        1d9       1%          1
k - Sandblast             Erth           22%        2d7       6%          1
r - Frozen Ramparts       Ice            42%        1d7       5%          3

Your spell library contained the following spells:

 Spells                   Type           Power      Damage    Failure   Level
 Passwall                 Tmut/Erth      5%         N/A       16%         2
 Call Canine Familiar     Summ           3%         N/A       43%         3
 Ignite Poison            Fire/Tmut/Pois 3%         N/A       43%         3
 Kindle Blastsparks       Fire/Tloc/Air  6%         2d10      43%         3
 Portal Projectile        Hex/Tloc       6%         N/A       43%         3
 Summon Guardian Golem    Hex/Summ       3%         N/A       43%         3
 Summon Ice Beast         Ice/Summ       12%        N/A       47%         4
 Leda's Liquefaction      Hex/Erth       3%         N/A       69%         4
 Freezing Cloud           Conj/Ice/Air   5%         6-21      89%         5
 Orb of Destruction       Conj           2%         9d5       100%        7
 Spellforged Servitor     Conj/Summ      2%         N/A       100%        7


Dungeon Overview and Level Annotations

Branches:
Dungeon (4/15)
 Temple: D:4-7

Altars:

Shops:
D:3 :

Annotations:
D:4 Pikel


Innate Abilities, Weirdness & Mutations

You are amphibious.
You cover ground slowly.
You can hop short distances.
You have an extended range of vision and can be seen from far away.


Message History

The wall freezes the lemure but does no damage. x2
The grasping roots release their grip on you.
Casting: Freeze (safe; 1% risk of failure)
Confirm with . or Enter, or press ? or * to list all spells.
Aiming: Freeze (safe; 1% risk of failure)
Press: ? - help, Shift-Dir - straight line, f/p - Pikel
Aim: Pikel, wielding a +1 whip of electrocution, wearing a +2 robe of cold resistance and carrying a wand of roots (8) (moderately wounded)
You freeze Pikel.
Pikel resists.
Pikel is moderately wounded.
Pikel completely resists.
The wall freezes Pikel but does no damage.
Pikel hits you but does no damage.
The wall freezes the lemure.
The wall freezes the lemure but does no damage. x2
You aren't carrying any items that you can evoke.
Unknown command.
You barely miss Pikel.
Pikel is moderately wounded.
The frozen ramparts melt away.
Pikel misses you. Pikel hits you but does no damage.
Hop to where?
Press: ? - help, Dir - move target, p - Pikel Your icy armour will break if you move.
Continue?
Your icy armour cracks and falls away as you move.
Boing!
Pikel says, "You'll feel the lick of my whip!"
Pikel zaps a wand.
The roots erupt in riotous growth!
The grasping roots grab you! The grasping roots constrict you!
You escape the roots grasp.
Pikel zaps a wand.
The roots erupt in riotous growth!
The grasping roots grab you! The grasping roots constrict you.
* * * LOW HITPOINT WARNING * * *
You escape the roots grasp.
Pikel zaps a wand.
The roots erupt in riotous growth!
The grasping roots grab you! The grasping roots constrict you!
* * * LOW HITPOINT WARNING * * *
The grasping roots constrict you.
You die...

#. #. #. ## #. ##+## ... #.
##...## ..# #. ### ##...>.##
...#. #.##.## ##......5##
......
#.#...####..@...K5.##.......
#........'........5'5.......
#.<...####.........##.......
###..## ##.......## #...##
#.## .........## ### #.#
#.###....## ... # #.#+##
.... #.# ....). ..#


You could see Pikel and 4 lemures.

Vanquished Creatures
  An orc priest (D:3)
  Jessica (D:2)
  An iguana (D:3)
  Robin (D:3)
  2 adders (D:2)
  A worm (D:2)
  2 dart slugs
  5 orcs
  5 ball pythons
  8 bats
  6 endoplasms
  15 goblins
  12 hobgoblins
  3 jackals (D:2)
  4 quokkas
  3 frilled lizards
  5 kobolds
  6 rats
81 creatures vanquished.

Vanquished Creatures (others)
  A fungus (D:1)
  2 plants (D:1)
3 creatures vanquished.

Grand Total: 84 creatures vanquished

Notes
Turn   | Place    | Note
-------+----------+-------------------------------------------
     0 | D:1      | Majang the Barachi Ice Elementalist began the quest for the
                  | Orb.
     0 | D:1      | Reached XP level 1. HP: 13/13 MP: 3/3
   251 | D:1      | Reached skill level 5 in Ice Magic
   263 | D:1      | Learned a level 1 spell: Sandblast
   264 | D:1      | Found a faded altar of an unknown god.
   277 | D:1      | Reached XP level 2. HP: 19/19 MP: 3/5
  1330 | D:2      | Reached XP level 3. HP: 24/25 MP: 5/7
  1334 | D:2      | Learned a level 3 spell: Frozen Ramparts
  1422 | D:2      | Noticed Jessica
  1439 | D:2      | Killed Jessica
  1440 | D:2      | Reached skill level 1 in Earth Magic
  1524 | D:2      | Reached skill level 1 in Fighting
  1524 | D:2      | Reached XP level 4. HP: 32/32 MP: 2/8
  1801 | D:2      | Reached skill level 1 in Staves
  2413 | D:3      | Noticed Robin
  2445 | D:2      | Reached XP level 5. HP: 37/37 MP: 3/10
  2501 | D:2      | Learned a level 3 spell: Stone Arrow
  2507 | D:3      | Killed Robin
  3043 | D:3      | Found Paamp's Book Boutique.
  3361 | D:4      | Noticed a lemure
  3361 | D:4      | Noticed a lemure
  3362 | D:4      | Noticed a lemure
  3362 | D:4      | Noticed Pikel
  3365 | D:4      | Noticed a lemure
  3368 | D:4      | Learned a level 3 spell: Ozocubu's Armour
  3383 | D:4      | Constricted to death by Pikel

Illustrated notes

Levels and vault maps discovered:
D:1:      onia_arrival_mini_maze, layout_loops_ring,
          shapermc_ecumenical_altar_mp_urbaneastern,
          chequers_serial_rivers_micro_a
D:2:      layout_basic, minmay_misc_feat_hallway, st_stairs_10, uniq_jessica
D:3:      layout_rooms, serial_shops, nicolae_shop_behind_doors,
          minmay_misc_feat_diagonals, uniq_robin
D:4:      layout_loops_corners, mainiacjoe_overflow_paths, kennysheep_mini_moat,
          lemuel_temple_firewalk_b, enter_ossuary_1, serial_shops,
          nicolae_lakefront_shop, uniq_pikel

Skill      XL: |  1  2  3  4  5 |
---------------+----------------+-----
Ice Magic      | 5 |  5.3
Spellcasting   | 3 |  3.7
Earth Magic    | 1 2 |  2.3
Fighting       | 1 |  1.8
Staves         | 1 |  1.5
Dodging        | |  2.9
Stealth        | |  1.7
Conjurations   | |  0.8

Action                     |  1- 3 |  4- 6 || total
---------------------------+-------+-------++-------
  Melee: Quarterstaff      |     3 |    34 ||    37
   Cast: Freeze            |    20 |     9 ||    29
         Sandblast         |    15 |    13 ||    28
         Frozen Ramparts   |     3 |    29 ||    32
         Ozocubu's Armour  |       |     1 ||     1
Ability: Hop               |       |     1 ||     1
    Use: Scroll            |       |     7 ||     7
   Stab: Sleeping          |     1 |       ||     1
 Armour: Robe              |     2 |    11 ||    13
  Dodge: Dodged            |    10 |    31 ||    41

Table legend: (Time is in decaauts)
 A = Elapsed time spent in this place.
 B = Non-inter-level travel time spent in this place.
 C = Inter-level travel time spent in this place.
 D = Time resting spent in this place.
 E = Time spent auto-exploring this place.
 F = Levels seen in this place.
 G = Mean time per level.
                   A        B        C        D        E       F      G
               +--------+--------+--------+--------+--------+-----+--------+
         Total |   3740 |   3653 |     87 |   1238 |   1750 |   4 |  935.0 |
       Dungeon |   3740 |   3653 |     87 |   1238 |   1750 |   4 |  935.0 |
               +--------+--------+--------+--------+--------+-----+--------+

Top non-repeatable levels by time:
     D:1: 1482 daAuts
     D:2: 1327 daAuts
     D:3: 827 daAuts
     D:4: 102 daAuts
